 Dungeon Crawl Stone Soup version 0.17-a0-1295-gefc790a (webtiles) character file.

130 jazzscirocco the Firebug (level 5, 0/41 HPs)
             Began as a Hill Orc Fire Elementalist on June 7, 2015.
             Killed from afar by Sigmund (4 damage)
             ... with a magic dart
             ... on level 2 of the Dungeon.
             The game lasted 00:19:21 (1964 turns).

jazzscirocco the Firebug (HOFE)                     Turns: 1964, Time: 00:19:21

Health: 0/41       AC:  6    Str: 11    XL:     5   Next: 13%
Magic:  16/17      EV: 11    Int: 16    God:
Gold:   58         SH:  0    Dex: 11    Spells: 3 memorised, 1 level left

rFire  . . .     SeeInvis .     z - +0 flail (holy)
rCold  . . .     Clarity  .     i - +0 leather armour
rNeg   . . .     SustAt   .     (no shield)
rPois  .         Gourm    .     w - +0 helmet
rElec  .         Spirit   .     (no cloak)
rCorr  .         Warding  .     t - +0 pair of gloves
rMut   .         Stasis   .     r - +0 pair of boots
MR     .....                    m - amulet of regeneration
Stlth  +.........               (no ring)
                                u - ring of magical power

@: not resistant to hostile enchantments, very unstealthy
A: no striking features
a: no special abilities


You were on level 2 of the Dungeon.
You were hungry.

You visited 1 branch of the dungeon, and saw 2 of its levels.

You collected 58 gold pieces.

Inventory:

Hand weapons
 z - a +0 flail of holy wrath (weapon)
Armour
 i - a +0 leather armour (worn)
 r - a +0 pair of boots (worn)
 t - a +0 pair of gloves (worn)
 w - a +0 helmet (worn)
Jewellery
 m - an amulet of regeneration (around neck)
 u - a ring of magical power (left hand)
 x - an uncursed amulet of warding
Magical devices
 a - a wand of random effects (5)
Scrolls
 e - a scroll of fog {unknown}
 j - 2 scrolls of identify {unknown}
 l - 4 scrolls of remove curse {unknown}
 o - a scroll of blinking {unknown}
 s - a scroll of immolation {unknown}
 v - a scroll of magic mapping {unknown}
Potions
 d - a potion of agility {unknown}
 h - a potion of degeneration {unknown}
 k - a potion of ambrosia {unknown}
 n - a potion of cancellation {unknown}
 p - a potion of curing {unknown}
 q - a potion of might {unknown}
Books
 b - a book of Flames

   Spells                             Type                      Level
   a - Flame Tongue                   Conjuration/Fire             1
   b - Throw Flame                    Conjuration/Fire             2
   c - Conjure Flame                  Conjuration/Fire             3
   d - Inner Flame                    Hexes/Fire                   3
   e - Sticky Flame                   Conjuration/Fire             4
   f - Fireball                       Conjuration/Fire             5
Comestibles
 c - 2 bread rations
 f - 3 chunks of flesh
 g - 4 fruits


   Skills:
 - Level 2.0 Fighting
 + Level 1.5 Maces & Flails
 * Level 0.9 Armour
 - Level 1.5 Dodging
 - Level 1.5 Stealth
 - Level 2.0 Spellcasting
 - Level 1.0 Conjurations
 + Level 5.0 Fire Magic


You had one spell level left.
You knew the following spells:

 Your Spells              Type           Power        Failure   Level  Hunger
a - Flame Tongue          Conj/Fire      ##...        10%         1    #......
b - Throw Flame           Conj/Fire      ##....       12%         2    ###....
c - Sticky Flame          Conj/Fire      ##......     78%         4    #####..


Dungeon Overview and Level Annotations

Branches:
Dungeon (2/15)

Altars:

Annotations:
D:2 Sigmund


Message History

Confirm with . or Enter, or press ? or * to list all spells.
You can't see any susceptible monsters within range! (Use Z to cast anyway.)
You hear some strange, mumbled words.
You are confused.
You see here a mace.
You are feeling hungry.
Something hits you!
* * * LOW HITPOINT WARNING * * *
You see here a mace.
You hear some strange, mumbled words.
You are more confused.
You see here 26 stones.
Something hits you.
* * * LOW HITPOINT WARNING * * *
You feel less confused. Something hits you.
* * * LOW HITPOINT WARNING * * *
A magic dart appears from out of thin air!
The magic dart hits you!
You die...

#.).# #... #...#
#.## ####...####
#.# #.........####
#.# #.....(......#
#.# #.........##.#
#.## ####......##.#
#.#. #.......#.#
#.#. #.@.......#
###.#.
#.........####.....
##.......##....###.
##.....###....# #.
##...## #...[###.
##)## ##.#..... #.#
#.#.#[#. #.#
#.#.#... #.#
#.#.....


There were no monsters in sight!

Vanquished Creatures
  Terence (D:2)
  Robin (D:1)
  4 gnolls (D:2)
  An ooze (D:1)
  A worm (D:1)
  3 giant cockroaches
  11 goblins
  7 hobgoblins
  4 bats
  5 giant newts
  9 kobolds
  6 rats
53 creatures vanquished.

Notes
Turn   | Place    | Note
--------------------------------------------------------------
     0 | D:1      | jazzscirocco the Hill Orc Fire Elementalist began the quest for the Orb.
     0 | D:1      | Reached XP level 1. HP: 14/14 MP: 3/3
   523 | D:1      | Reached XP level 2. HP: 19/22 MP: 1/4
   933 | D:1      | Reached skill level 4 in Fire Magic
   958 | D:1      | Reached skill level 1 in Fighting
   958 | D:1      | Reached XP level 3. HP: 23/28 MP: 3/5
  1178 | D:2      | Noticed Terence
  1306 | D:2      | Noticed Robin
  1353 | D:1      | Killed Robin
  1353 | D:1      | Reached skill level 1 in Maces & Flails
  1384 | D:2      | Reached XP level 4. HP: 27/35 MP: 3/7
  1497 | D:2      | Learned a level 2 spell: Throw Flame
  1502 | D:2      | Learned a level 4 spell: Sticky Flame
  1868 | D:2      | Killed Terence
  1868 | D:2      | Reached skill level 5 in Fire Magic
  1868 | D:2      | Reached XP level 5. HP: 35/41 MP: 7/8
  1928 | D:2      | Noticed Sigmund
  1951 | D:2      | HP: 2/41 [something (10)]
  1964 | D:2      | Killed from afar by Sigmund

Vault maps used:
D:1:      lightli_arrival_isolated_outpost, serial_bayou_ford_a
D:2:      uniq_terence, uniq_robin, uniq_sigmund

Action                   |  1- 3 |  4- 6 || total
-------------------------+-------+-------++-------
Melee: Unarmed           |    16 |       ||    16
       Club              |   176 |    29 ||   205
       Whip              |       |    14 ||    14
       Flail             |       |     5 ||     5
 Cast: Flame Tongue      |    27 |    19 ||    46
       Throw Flame       |       |     3 ||     3
  Eat: Chunk             |     3 |     3 ||     6
